 Dungeon Crawl Stone Soup version 0.31.0-11-ge490571c62 (webtiles) character file.

Game seed: 11875227517937310813

48 qw the Shooter (level 3, 0/20 HPs)
             Began as a Deep Elf Hunter on Feb 3, 2024.
             Killed from afar by a dart slug (2 damage)
             ... with a slug dart
             ... on level 2 of the Dungeon.
             The game lasted 00:00:22 (967 turns).

qw the Shooter (Deep Elf Hunter)                     Turns: 967, Time: 00:00:22

Health: 0/20       AC:  3    Str: 10    XL:     3   Next: 50%
Magic:  5/5        EV:  6    Int: 13    God:
Gold:   78         SH:  0    Dex: 18    Spells: 2/2 levels left

rFire   . . .        a - +0 shortbow
rCold   . . .        (shield currently unavailable)
rNeg    . . .        c - +0 leather armour
rPois   .            (no helmet)
rElec   .            (no cloak)
rCorr   .            (no gloves)
SInv    .            (no boots)
Will    .....        (no amulet)
Stlth   ++           (no ring)
HPRegen 0.23/turn    (no ring)
MPRegen 0.09/turn

%: no passive effects
@: held
A: no striking features
a: no special abilities


You were on level 2 of the Dungeon.
You visited 1 branch of the dungeon, and saw 2 of its levels.

You collected 78 gold pieces.


   Skills:
 - Level 1.5 Fighting
 + Level 7.0 Ranged Weapons
 - Level 2.4 Dodging
 - Level 1.2 Stealth


You had 2 spell levels left.
You didn't know any spells.
Your spell library was empty.

Inventory:

Hand Weapons
 a - a +0 shortbow (weapon)
Armour
 c - a +0 leather armour (worn)
 f - a +0 ring mail
Scrolls
 b - a scroll of poison {unknown}
 d - a scroll of identify
Potions
 e - a potion of curing {unknown}
 g - a potion of lignification {unknown}

Dungeon Overview and Level Annotations

Branches:
Dungeon (2/15)

Altars:
The Shining One


Message History

The arrow hits the ribbon worm but does no damage.
The ribbon worm is moderately wounded.
The frilled lizard bites you but does no damage.
The giant cockroach closely misses you. The ribbon worm bites you.
You shoot an arrow. The arrow hits the ribbon worm.
The ribbon worm is moderately wounded.
The frilled lizard bites you. The giant cockroach misses you.
The ribbon worm closely misses you.
You shoot an arrow. The arrow hits the ribbon worm.
The ribbon worm is heavily wounded.
The giant cockroach bites you.
The frilled lizard bites you but does no damage.
The dart slug launches a dart at you. The slug dart misses you.
The giant cockroach bites you.
The ribbon worm bites you but does no damage.
The frilled lizard barely misses you.
You shoot an arrow. The arrow hits the ribbon worm.
The ribbon worm is severely wounded.
The giant cockroach bites you. The dart slug bites you.
The ribbon worm bites you! The frilled lizard bites you.
You shoot an arrow. The arrow hits the ribbon worm.
The ribbon worm is almost dead.
The giant cockroach bites you.
The frilled lizard bites you but does no damage.
The dart slug closely misses you.
The ribbon worm bites you but does no damage.
You shoot an arrow.
The arrow hits the ribbon worm but does no damage.
The ribbon worm is almost dead.
The giant cockroach completely misses you.
The frilled lizard misses you.
The giant cockroach bites you but does no damage.
You shoot an arrow.
The arrow barely misses the ribbon worm.
The ribbon worm expels a string of sticky webbing.
The stream of webbing hits you but does no damage.
You are caught in a web!
The dart slug launches a dart at you. The slug dart hits you.
You die...

#...........#
##.###.###### #.##..#
# #....## # ###..###
#######.....#####
.....##.........#
####.....##.###.######
###...##....w@.!..#
#..###....Blw...# #.>#
##....g...:# ####
#.....)....#
#.####)....+ ^..
#.....# #.## .##.###
#. . .#


You could see a ribbon worm (catching breath), a dart slug, a giant cockroach, a
hobgoblin and a frilled lizard.

Vanquished Creatures
  A gnoll (D:1)
  A dart slug (D:2)
  3 bats (D:1)
  5 endoplasms
  A giant cockroach (D:1)
  5 goblins
  A hobgoblin (D:2)
  4 jackals (D:2)
  A quokka (D:2)
  3 ball pythons
  A frilled lizard (D:1)
  3 kobolds (D:1)
  2 rats
31 creatures vanquished.

Notes
Turn   | Place    | Note
-------+----------+-------------------------------------------
     0 | D:1      | qw the Deep Elf Hunter began the quest for the Orb.
     0 | D:1      | Reached XP level 1. HP: 12/12 MP: 3/3
     0 | D:1      | 0 ||| qw: Version: 0.3-a-155-g5e7d8dd
     0 | D:1      | 0 ||| qw: Game counter: 3183
     0 | D:1      | 0 ||| qw: Melee chars always use a shield: true
     0 | D:1      | 0 ||| qw: God list: Okawaru
     0 | D:1      | 0 ||| qw: Allow faded altars: false
     0 | D:1      | 0 ||| qw: Do Orc after clearing Dungeon:15 true
     0 | D:1      | 0 ||| qw: Do second Lair branch before Depths: true
     0 | D:1      | 0 ||| qw: Lair rune preference: random
     0 | D:1      | 0 ||| qw: Goals: Normal
     0 | D:1      | 0 ||| PLANNING D:1-11
    34 | D:1      | Found a faded altar of an unknown god.
   176 | D:1      | Reached XP level 2. HP: 16/16 MP: 4/4
   235 | D:1      | Reached skill level 6 in Ranged Weapons
   471 | D:1      | 471 ||| DROPPING scarf of invisibility.
   472 | D:1      | 472 ||| READING 2 scrolls labelled TETOMO OZASOE.
   472 | D:1      | 472 ||| IDENTIFYING amethyst potion
   473 | D:1      | 473 ||| READING scroll of identify.
   473 | D:1      | 473 ||| IDENTIFYING scroll labelled PAMUAR TOANOEKHLE
   474 | D:1      | 474 ||| READING scroll labelled CEMUPUNARGH.
   575 | D:1      | 575 ||| READING scroll labelled FUTRIEF HAFAPN.
   575 | D:1      | 575 ||| ENCHANTING +0 shortbow.
   576 | D:1      | 576 ||| DROPPING scroll of butterflies.
   577 | D:1      | 577 ||| DROPPING scroll of revelation.
   578 | D:1      | 578 ||| DROPPING potion of degeneration.
   641 | D:2      | Reached XP level 3. HP: 20/20 MP: 5/5
   782 | D:2      | Found a glowing golden altar of the Shining One.
   948 | D:2      | Reached skill level 7 in Ranged Weapons
   964 | D:2      | HP: 3/20 [ribbon worm (8)]
   965 | D:2      | HP: 1/20 [giant cockroach (1)]
   967 | D:2      | Killed from afar by a dart slug

Levels and vault maps discovered:
D:1:      dpeg_arrival_lava_temple_mockup, layout_basic, basic_ecumenical_altar
D:2:      layout_basic, basic_altar, minmay_hexomino_c4

Skill      XL: |  1  2  3 |
---------------+----------+-----
Ranged Weapons | 6 7 |  7.0
Fighting       | |  1.5
Dodging        | |  2.4
Stealth        | |  1.2

Action                     || total
---------------------------++-------
   Fire: Shortbow          ||    86
    Use: Scroll            ||     4
 Armour: Leather armour    ||    48
  Dodge: Dodged            ||    49

Table legend:
 A = Non-vault XP
 B = Vault XP
 C = Vault XP percentage of total XP
 D = Non-vault monster count
 E = Vault monster count
 F = Vault count percentage of total count
                 A         B        C        D         E       F
            +---------+---------+-------+---------+---------+-------
      Total |      61 |       8 |  11.6 |      27 |       4 |  12.9
            +---------+---------+-------+---------+---------+-------
        D:1 |      38 |       0 |   0.0 |      16 |       0 |   0.0
        D:2 |      23 |       8 |  25.8 |      11 |       4 |  26.7
            +---------+---------+-------+---------+---------+-------
